 Dungeon Crawl Stone Soup version 0.19.5 (webtiles) character file.

112 QuCean the Skirmisher (level 4, -6/37 HPs)
             Began as a Demonspawn Berserker on May 22, 2017.
             Was a Believer of Trog.
             Mangled by Sigmund
             ... wielding a +0 scythe
              (10 damage)
             ... on level 2 of the Dungeon.
             The game lasted 00:11:18 (2143 turns).

QuCean the Skirmisher (Demonspawn Berserker)        Turns: 2143, Time: 00:11:18

Health: -6/37      AC:  6    Str: 19    XL:     4   Next: 63%
Magic:  4/4        EV: 17    Int:  8    God:    Trog [**....]
Gold:   42         SH:  0    Dex: 17    Spells: 0 memorised, 3 levels left

rFire  . . .     SeeInvis .     a - +0 hand axe
rCold  + . .     Gourm    .     k - +0 ring mail
rNeg   . . .     Faith    .     (no shield)
rPois  .         Spirit   .     (helmet restricted)
rElec  .         Reflect  .     (no cloak)
rCorr  .         Harm     .     g - +0 pair of gloves
MR     .....                    (no boots)
Stlth  ++........               (no amulet)
                                (no ring)
                                (no ring)

@: agile, exhausted, slowed, very slow
A: antennae 1, cold resistance 1, spiny 1
a: Berserk, Trog's Hand, Burn Spellbooks, Renounce Religion


You were on level 2 of the Dungeon.
You worshipped Trog.
Trog was pleased with you.
You were very hungry.

You visited 1 branch of the dungeon, and saw 2 of its levels.

You collected 42 gold pieces.

Inventory:

Hand Weapons
 a - a +0 hand axe (weapon)
Armour
 b - a +0 animal skin
 g - a +0 pair of gloves (worn)
 i - a +0 pair of gloves
 k - a +0 ring mail (worn)
 m - a +0 chain mail of magic resistance
Scrolls
 j - 4 scrolls of remove curse
Potions
 d - a potion of haste {unknown}
Comestibles
 c - a bread ration
 f - 2 beef jerkies
 l - 3 chunks of flesh


   Skills:
 + Level 3.9 Fighting
 + Level 3.6 Axes
 + Level 2.0 Armour
 + Level 2.4 Dodging
 + Level 1.0 Stealth


You had 3 spell levels left.
You didn't know any spells.

Dungeon Overview and Level Annotations

Branches:
Dungeon (2/15)

Altars:
Vehumet

Annotations:
D:2 Robin, Sigmund


Innate Abilities, Weirdness & Mutations

You have a pair of small antennae on your head.
Your flesh is cold resistant. (rC+)
You are partially covered in sharp spines.


Message History

You are exhausted.
You feel yourself slow down.
You miss something.
You feel the effects of Trog's Hand fading.
You hear some strange, mumbled words.
A magic dart appears from out of thin air!
The magic dart hits you! Something hits you!
It was a potion of agility.
You feel agile all of a sudden. Something hits you!
* * * LOW HITPOINT WARNING * * *
Something hits you.
* * * LOW HITPOINT WARNING * * *
Your skin stops crawling.
You feel less resistant to hostile enchantments.
A magic dart appears from out of thin air!
The magic dart hits you!
* * * LOW HITPOINT WARNING * * *
You open the door. Something hits you!
You die...

.###### ### ..######## ## .. ..#
.......... ..... .(#.##.####
..######## ..... .....#.#..# ..#
#...####.#..#.#..# .##
#...##...#..#.#..## .#
#.#..'...#..#.#.... ##### ##'#.#
..#..#..#.#. ....# #..@.##
#...#....#. ###.# #.....#
#<..#..#'#. ..#.# #...#{##
#g......... #.#.# #...#..#
#.......... #+#.#
#...##.###..........
....##########.).##..##...###....
....'............#....#@.........
....#####((.(....#....#..###.....
)...# #(.......#....#..# #.#+#.


There were no monsters in sight!

Vanquished Creatures
  Jessica (D:2)
  Terence (D:2)
  2 adders (D:2)
  A leopard gecko (D:1)
  6 bats
  2 giant cockroaches (D:1)
  9 goblins
  4 hobgoblins
  2 jackals (D:1)
  3 frilled lizards
  7 kobolds
  5 rats
43 creatures vanquished.

Notes
Turn   | Place    | Note
-------+----------+-------------------------------------------
     0 | D:1      | QuCean the Demonspawn Berserker began the quest for the Orb.
     0 | D:1      | Reached XP level 1. HP: 18/18 MP: 1/1
   429 | D:1      | Gained mutation: You have a pair of small antennae on your head. [demonic ancestry]
   429 | D:1      | Reached XP level 2. HP: 24/24 MP: 2/2
  1400 | D:2      | Noticed Jessica
  1432 | D:2      | Killed Jessica
  1432 | D:2      | Gained mutation: You are partially covered in sharp spines. [demonic ancestry]
  1432 | D:2      | Reached XP level 3. HP: 10/29 MP: 3/3
  1625 | D:2      | Noticed Sigmund
  1626 | D:2      | Noticed Robin
  1682 | D:2      | Gained mutation: Your flesh is cold resistant. (rC+) [demonic ancestry]
  1682 | D:2      | Reached XP level 4. HP: 29/36 MP: 4/4
  1688 | D:1      | Reached ** piety under Trog
  1995 | D:2      | Found a radiant altar of Vehumet.
  2000 | D:2      | Noticed Terence
  2028 | D:2      | Killed Terence
  2028 | D:2      | Reached skill level 1 in Stealth
  2143 | D:2      | Mangled by Sigmund

Skill      XL: |  1  2  3  4 |
---------------+-------------+-----
Dodging        | 2 |  2.4
Axes           | 3 |  3.6
Armour         | 2 |  2.0
Stealth        | 1 |  1.0
Fighting       | |  3.9

Action                   |  1- 3 |  4- 6 || total
-------------------------+-------+-------++-------
Melee: Hand axe          |    77 |    36 ||   113
Invok: Berserk           |       |     2 ||     2
       Trog's Hand       |       |     1 ||     1
  Use: Scroll            |     2 |     1 ||     3
       Potion            |       |     1 ||     1
 Stab: Sleeping          |     1 |       ||     1
  Eat: Chunk             |     1 |     4 ||     5
Armor: Animal skin       |    16 |       ||    16
       Ring mail         |     4 |     7 ||    11
Dodge: Dodged            |    65 |    20 ||    85
